 Dungeon Crawl Stone Soup version 0.28-a0-8-g6e044cfa68 (webtiles) character file.

Game seed: 7078599209760869561

32 Sin92 the Skirmisher (level 3, -5/29 HPs)
             Began as a Demonspawn Fighter on July 24, 2021.
             Slain by a gnoll (11 damage)
             ... on level 2 of the Dungeon.
             The game lasted 00:00:46 (954 turns).

Sin92 the Skirmisher (Demonspawn Fighter)            Turns: 954, Time: 00:00:47

Health: -5/29      AC: 11    Str: 16    XL:     3   Next: 8%
Magic:  3/3        EV:  4    Int:  9    God:
Gold:   38         SH:  9    Dex: 13    Spells: 2/2 levels left

rFire   . . .      SeeInvis .   a - +0 trident
rCold   . . .      Faith    .   c - +0 kite shield
rNeg    . . .      Spirit   .   g - +0 chain mail
rPois   .          Reflect  .   (no helmet)
rElec   .          Harm     .   (no cloak)
rCorr   .          Rampage  .   (no gloves)
Will    .....                   (no boots)
Stlth   ..........              (no amulet)
HPRegen 0.09/turn               (no ring)
MPRegen 0.08/turn               (no ring)

@: no status effects
A: molten scales 1, demonic magic 1
a: no special abilities


You were on level 2 of the Dungeon.
You visited 1 branch of the dungeon, and saw 2 of its levels.

You collected 38 gold pieces.

Inventory:

Hand Weapons
 a - a +0 trident (weapon)
Armour
 b - a +0 scale mail
 c - a +0 kite shield (worn)
 g - a +0 chain mail (worn)
Scrolls
 e - a scroll of teleportation {unknown}
Potions
 d - a potion of might
 f - a potion of berserk rage {unknown}


   Skills:
 + Level 3.2 Fighting
 * Level 2.3 Polearms
 + Level 2.9 Armour
 + Level 0.8 Dodging
 + Level 2.9 Shields


You had 2 spell levels left.
You didn't know any spells.
Your spell library was empty.

Dungeon Overview and Level Annotations

Branches:
Dungeon (2/15)

Altars:


Innate Abilities, Weirdness & Mutations

You are partially covered in molten scales. (AC +2)
Spells you cast may paralyse adjacent enemies.


Message History

Unknown command.
There are monsters nearby!
Your chain mail prevents you from hitting the gnoll.
The gnoll hits you from afar with a +0 spear.
You block the gnoll's attack.
The gnoll hits you from afar with a +0 spear.
Unknown command.
The gnoll hits you with a +0 flail.
You barely miss the gnoll.
The gnoll hits you from afar with a +0 spear.
The gnoll hits you but does no damage.
Your chain mail prevents you from hitting the gnoll.
The gnoll hits you from afar with a +0 spear.
The gnoll hits you with a +0 flail. The gnoll hits you but does no damage.
You block the gnoll's attack.
You hit the gnoll but do no damage. You block the gnoll's attack.
The gnoll hits you but does no damage.
You puncture the gnoll!
The gnoll is severely wounded.
The gnoll hits you from afar with a +0 spear.
The gnoll barely misses you.
The gnoll hits you from afar with a +0 spear.
You block the gnoll's attack.
You puncture the gnoll!
You kill the gnoll!
The gnoll hits you from afar with a +0 spear.
You have reached level 3!
Your experience leads to an increase in your attributes!
Increase (S)trength, (I)ntelligence, or (D)exterity?
You feel agile.
Your demonic ancestry asserts itself...
Molten scales grow over part of your body.
You block the gnoll's attack.
You hit the gnoll but do no damage. The gnoll barely misses you.
You block the gnoll's attack. The gnoll barely misses you. x2
You hit the gnoll.
The gnoll is lightly wounded.
The gnoll hits you from afar with a +0 spear.
* * * LOW HITPOINT WARNING * * *
The gnoll hits you with a +0 flail!
You die...

### .... ....########
...........#
.......:...+
.....).....#############
............)gg@........
............####.#######
#####+##.......#..#
#....##.##.# ##....## #
.# #..<..†# .# ##..##.#
## #... .# ##.## #


You could see 2 gnolls.

Vanquished Creatures
  A gnoll (D:2)
  A dart slug (D:2)
  An endoplasm (D:1)
  2 goblins
  3 hobgoblins (D:1)
  A kobold (D:1)
  3 ball pythons (D:1)
  2 bats (D:1)
  2 frilled lizards (D:1)
  5 rats (D:1)
21 creatures vanquished.

Notes
Turn   | Place    | Note
-------+----------+-------------------------------------------
     0 | D:1      | Sin92 the Demonspawn Fighter began the quest for the Orb.
     0 | D:1      | Reached XP level 1. HP: 18/18 MP: 1/1
   460 | D:1      | Gained mutation: Spells you cast may paralyse adjacent
                  | enemies. [demonic ancestry]
   460 | D:1      | Reached XP level 2. HP: 23/24 MP: 2/2
   949 | D:2      | Gained mutation: You are partially covered in molten
                  | scales. (AC +2) [demonic ancestry]
   949 | D:2      | Reached XP level 3. HP: 11/29 MP: 3/3
   954 | D:2      | Slain by a gnoll

Illustrated notes

Levels and vault maps discovered:
D:1:      dpeg_arrival_stone_temple_mockup, layout_loops_cross
D:2:      layout_basic, basic_altar, ebering_ecumenical_altar_mist

Skill      XL: |  1 |
---------------+----+-----
Polearms       | 2 |  2.3
Fighting       | |  3.2
Armour         | |  2.9
Dodging        | |  0.8
Shields        | |  2.9

Action                   || total
-------------------------++-------
Melee: Trident           ||    70
Armor: Scale mail        ||    25
       Chain mail        ||     4
Dodge: Dodged            ||    15
Block: Kite shield       ||    46

Table legend: (Time is in decaauts)
 A = Elapsed time spent in this place.
 B = Non-inter-level travel time spent in this place.
 C = Inter-level travel time spent in this place.
 D = Time resting spent in this place.
 E = Time spent auto-exploring this place.
 F = Levels seen in this place.
 G = Mean time per level.
                   A        B        C        D        E       F      G
               +--------+--------+--------+--------+--------+-----+--------+
         Total |    985 |    942 |     43 |      0 |    774 |   2 |  492.5 |
       Dungeon |    985 |    942 |     43 |      0 |    774 |   2 |  492.5 |
               +--------+--------+--------+--------+--------+-----+--------+

Top non-repeatable levels by time:
     D:1: 953 daAuts
     D:2: 31 daAuts
